 Dungeon Crawl Stone Soup version 0.25-a0-890-g62861fb (webtiles) character file.

Game seed: 12499715937808943401, levelgen mode: deterministic

48 HarryHood the Cudgeler (level 3, -5/31 HPs)
             Began as a Minotaur Berserker on May 6, 2020.
             Was a Believer of Trog.
             Slain by a gnoll
             ... wielding a +0 spear
              (7 damage)
             ... on level 2 of the Dungeon.
             The game lasted 00:04:48 (1189 turns).

HarryHood the Cudgeler (Minotaur Berserker)         Turns: 1189, Time: 00:04:49

Health: -5/31      AC:  2    Str: 21    XL:     3   Next: 50%
Magic:  2/2        EV: 12    Int:  4    God:    Trog [**....]
Gold:   18         SH:  0    Dex: 10    Spells: 2/2 levels left

rFire    . . .     SeeInvis .   a - +0 mace
rCold    . . .     Gourm    .   (no shield)
rNeg     . . .     Faith    .   k - +0 animal skin
rPois    .         Spirit   .   (helmet restricted)
rElec    .         Reflect  .   (no cloak)
rCorr    .         Harm     .   (no gloves)
MR       .....                  (no boots)
Stlth    +.........             (no amulet)
HPRegen  0.10/turn              (no ring)
MPRegen  0.08/turn              (no ring)

@: no status effects
A: retaliatory headbutt, horns 2
a: Berserk, Trog's Hand, Renounce Religion


You were on level 2 of the Dungeon.
You worshipped Trog.
Trog was pleased with you.
You were not hungry.

You visited 1 branch of the dungeon, and saw 3 of its levels.

You collected 18 gold pieces.

Inventory:

Hand Weapons
 a - a +0 mace (weapon)
 b - a +0 hunting sling
Missiles
 c - 20 stones (quivered)
 g - 18 sling bullets
Armour
 k - a +0 animal skin (worn)
 l - a +0 plate armour
Jewellery
 f - a cursed ring of teleportation {unknown}
Scrolls
 h - a scroll of remove curse {@r1}
Potions
 d - a potion of curing {@q2}
 i - a potion of lignification {!q}
 j - a potion of heal wounds {unknown}
 n - a potion of might {unknown}
Comestibles
 e - a ration {@e1}
 m - 3 chunks of flesh


   Skills:
 - Level 3.6 Fighting
 * Level 5.5 Maces & Flails
 - Level 2.4 Armour
 - Level 2.1 Dodging


You had 2 spell levels left.
You didn't know any spells.
Your spell library was empty.

Dungeon Overview and Level Annotations

Branches:
Dungeon (3/15)

Altars:


Innate Abilities, Weirdness & Mutations

You reflexively headbutt those who attack you in melee.
You have a pair of horns on your head.


Message History

You headbutt the gnoll, but do no damage.
The gnoll hits you from afar with a +0 spear.
The hobgoblin misses you. The gnoll hits you but does no damage.
The gnoll hits you with a +0 club.
* * * LOW HITPOINT WARNING * * *
You take 8 damage, and have 8/31 hp.
MASSIVE DAMAGE!!
You barely miss the gnoll.
The gnoll hits you from afar with a +0 spear.
* * * LOW HITPOINT WARNING * * *
The hobgoblin barely misses you. You furiously retaliate!
You headbutt the hobgoblin. The gnoll closely misses you. x3
You take 1 damage, and have 7/31 hp.
You hit the gnoll.
You kill the gnoll!
Trog accepts your kill. The hobgoblin hits you with a +0 club.
* * * LOW HITPOINT WARNING * * *
The gnoll misses you.
The gnoll hits you from afar with a +0 spear!
You die...

#.#..............#....
#.#...........#####...
#...............# ##..
#######..........#..######
#....###..#..######...###.
#....# ##..>.......#....#.
#....# #..#######...<....
#....# #..# ##.......
#....####@#### ###.....
#.....##g)##.#### #.....
#......#gg##....# ##....
#........g##.##.# ....
#....#..........####......
######รท#...#.#............
#..#..........####.
##.###....####.#
####.......#.# .#


You could see 3 gnolls and a hobgoblin.

Vanquished Creatures
  A gnoll (D:2)
  An ooze (D:1)
  A worm (D:2)
  2 dart slugs
  3 giant cockroaches
  3 goblins
  4 hobgoblins (D:1)
  5 bats (D:1)
  3 frilled lizards
  2 kobolds (D:1)
  3 rats
28 creatures vanquished.

Notes
Turn   | Place    | Note
-------+----------+-------------------------------------------
     0 | D:1      | HarryHood the Minotaur Berserker began the quest for the
                  | Orb.
     0 | D:1      | Reached XP level 1. HP: 19/19 MP: 0/0
   260 | D:1      | Reached skill level 4 in Maces & Flails
   341 | D:1      | Reached XP level 2. HP: 25/26 MP: 1/1
   825 | D:1      | Reached skill level 5 in Maces & Flails
  1038 | D:2      | Reached XP level 3. HP: 31/31 MP: 2/2
  1138 | D:2      | Reached ** piety under Trog
  1145 | D:2      | You fall into a shaft and drop 1 floor!
  1189 | D:2      | HP: 2/31 [hobgoblin/+0 club (5)]
  1189 | D:2      | Slain by a gnoll

Levels and vault maps discovered:
D:1:      tarquinn_simple_flora_water_e, layout_loops_ring
D:2:      layout_rooms, first_ration
D:3:      layout_loops_ring, gammafunk_temple_overflow_pools,
          chequers_ecumenical_altar_lobes, nrook_campfire,
          nemelex_spade_bored_becter

Skill      XL: |  1  2 |
---------------+-------+-----
Maces & Flails | 4 5 |  5.5
Fighting       | |  3.6
Armour         | |  2.4
Dodging        | |  2.1

Action                   || total
-------------------------++-------
Melee: Mace              ||    59
       Headbutt          ||    11
  Use: Scroll            ||     4
 Stab: Sleeping          ||     1
  Eat: Chunk             ||     1
Armor: Animal skin       ||    11
Dodge: Dodged            ||    45

Table legend:
 A = Non-vault XP
 B = Vault XP
 C = Vault XP percentage of total XP
 D = Non-vault monster count
 E = Vault monster count
 F = Vault count percentage of total count
                 A         B        C        D         E       F
            +---------+---------+-------+---------+---------+-------
      Total |      69 |       0 |   0.0 |      28 |       0 |   0.0
            +---------+---------+-------+---------+---------+-------
        D:1 |      40 |       0 |   0.0 |      21 |       0 |   0.0
        D:2 |      29 |       0 |   0.0 |       7 |       0 |   0.0
            +---------+---------+-------+---------+---------+-------
